 Dungeon Crawl Stone Soup version 0.18-a0-1186-gd02dc51 (webtiles) character file.

138376 st0uf the Nimble (level 16, -2/205 HPs)
             Began as a White Draconian Transmuter on Jan 27, 2016.
             Was the Champion of Cheibriados.
             Slain by a large slime creature (9 damage)
             ... on level 3 of the Swamp on Jan 28, 2016.
             The game lasted 04:34:42 (33950 turns).

st0uf the Nimble (White Draconian Transmuter)      Turns: 33950, Time: 04:34:42

Health: -2/205     AC: 19    Str: 39    XL:     16   Next: 71%
Magic:  23/32      EV:  1    Int: 34    God:    Cheibriados [******]
Gold:   1282       SH:  0    Dex: 27    Spells: 13 memorised, 0 levels left

rFire  x . .     SeeInvis .       - Unarmed
rCold  + + .     Gourm    .     (armour unavailable)
rNeg   + + +     Faith    .     (shield currently unavailable)
rPois  ∞         Spirit   .     (helmet currently unavailable)
rElec  .         Dismiss  .     (cloak currently unavailable)
rCorr  .         Reflect  .     (gloves currently unavailable)
SustAt .         Harm     .     (boots currently unavailable)
MR     +....                    Z - amulet of regeneration
Stlth  +++.......               q - ring of wizardry
                                A - +4 ring of slaying

@: dragon-form, petrified, flying, very slow, somewhat resistant to hostile
enchantments, fairly stealthy
A: breathe frost, unfitting armour, (talons 0), (cold resistance 0),
(cold-blooded), AC +9
a: Breathe Frost, End Transformation, Bend Time, Temporal Distortion, Slouch,
Step From Time, Renounce Religion


You were on level 3 of the Swamp.
You worshipped Cheibriados.
Cheibriados was exalted by your worship.
You were not hungry.
You were a fearsome dragon!
You visited 6 branches of the dungeon, and saw 30 of its levels.
You also visited: Ossuary.

You collected 2894 gold pieces.
You spent 1612 gold pieces at shops.

Inventory:

Hand Weapons
 v - a +1 blowgun
Missiles
 a - 541 arrows
 i - 4 curare-tipped needles
 M - 64 poisoned needles
 N - 4 throwing nets (quivered)
Armour
 b - a +1 hat (melded)
 F - a +0 cloak (melded)
 J - a +1 buckler (melded)
Jewellery
 f - an uncursed ring of fire
 j - the ring "Bodipn" {rC+ rN+ MP+9 Int+2}
   (You acquired it on level 1 of the Lair of Beasts)

   [ring of positive energy]

   It affects your intelligence (+2).
   It protects you from cold.
   It protects you from negative energy.
   It affects your magic capacity (+9).
 l - an uncursed ring of see invisible
 q - a ring of wizardry (right foreclaw)
 r - an uncursed ring of protection from fire
 s - an uncursed amulet of magic regeneration
 t - an uncursed ring of protection from magic
 w - an uncursed ring of resist corrosion
 A - a +4 ring of slaying (left foreclaw)
 B - an uncursed ring of ice
 S - an uncursed ring of protection from fire
 V - an uncursed ring of protection from magic
 Y - an uncursed ring of flight
 Z - an amulet of regeneration (around neck)
Wands
 o - a wand of frost (29/48)
 y - a wand of invisibility (9/9)
 L - a wand of teleportation (3/9)
Scrolls
 d - 7 scrolls of remove curse
 e - a scroll of blinking
 u - 7 scrolls of magic mapping
 E - 11 scrolls of teleportation
 U - a scroll of fog
Potions
 g - 5 potions of heal wounds
 k - 4 potions of magic
 m - 3 potions of agility
 x - 6 potions of brilliance {unknown}
 z - a potion of resistance {unknown}
 C - 9 potions of curing
 D - a potion of invisibility
 G - 3 potions of might
 H - 2 potions of flight
Books
 I - a book of Battle

   Spells                             Type                      Level
   a - Infusion                       Charms                       1
   b - Shroud of Golubria             Charms/Translocation         2
   c - Song of Slaying                Charms                       2
   d - Spectral Weapon                Hexes/Charms                 3
   e - Regeneration                   Charms/Necromancy            3
Comestibles
 c - 16 bread rations
 h - a meat ration
 p - 2 chunks of flesh


   Skills:
 + Level 11.2 Fighting
 + Level 3.6 Throwing
 + Level 13.3 Dodging
 + Level 7.0 Stealth
 - Level 4.2 Shields
 + Level 12.6 Unarmed Combat
 + Level 12.8 Spellcasting
 + Level 0.4 Conjurations
 + Level 4.1 Translocations
 + Level 12.2 Transmutations
 + Level 0.8 Air Magic
 + Level 4.5 Earth Magic
 + Level 1.0 Poison Magic
 + Level 5.7 Invocations


You couldn't memorise any spells.
You knew the following spells:

 Your Spells              Type           Power        Failure   Level  Hunger
a - Beastly Appendage     Trmt           ######       0%          1    None
b - Sticks to Snakes      Trmt           #######.     1%          2    None
c - Spider Form           Trmt/Pois      ######....   1%          3    None
d - Blade Hands           Trmt           #######...   1%          5    None
e - Stoneskin             Trmt/Erth      ######..     1%          2    None
f - Mephitic Cloud        Conj/Pois/Air  ####....     2%          3    None
g - Apportation           Tloc           ######....   1%          1    None
h - Statue Form           Trmt/Erth      ######...    4%          6    ###....
i - Dragon Form           Trmt           #######...   6%          7    #####..
j - Shroud of Golubria    Chrm/Tloc      #####.....   1%          2    None
k - Regeneration          Chrm/Necr      ###.......   3%          3    None
l - Song of Slaying       Chrm           ###.....     1%          2    None
m - Spectral Weapon       Hex/Chrm       ###.....     3%          3    None


Dungeon Overview and Level Annotations

Branches:
Dungeon (15/15)            Temple (1/1) D:5            Lair (8/8) D:10
  Swamp (3/4) Lair:6        Snake (1/4) Lair:4        Slime (0/6) Lair:7
    Orc (2/2) D:11            Elf (0/3) Orc:2        Vaults (0/5) D:13
 Depths: D:15

Altars:
Ashenzari
Cheibriados
Dithmenos
Fedhas
Kikubaaqudgha
Makhleb
Okawaru
Pakellas
Qazlal
Ru
Sif Muna
Vehumet
Xom
Yredelemnul
The Shining One
Beogh
Jiyva

Shops:
D:6 =   D:9 :   Orc:2 [(*[

Annotations:
Swamp:3 Jorgrun


Innate Abilities, Weirdness & Mutations

You can breathe waves of freezing cold.
You can buffet flying creatures when you breathe cold.
Your icy white scales are hard (AC +9).
Your body does not fit into most forms of armour.
((Your flesh is cold resistant.))
((You are cold-blooded and may be slowed by cold attacks.))
((You have sharp toenails.))


Message History

* * * LOW HITPOINT WARNING * * *
An enormous slime creature splits.
The slime creature hits you but does no damage.
The swamp worm bites you but does no damage.
The hornet stings you but does no damage.
The hornet stings you.
* * * LOW HITPOINT WARNING * * *
Jorgrun splashes around in the water.
The spiny frog stings you but does no damage.
The hornet stings you but does no damage.
The large slime creature hits you but does no damage.
The hornet stings you.
* * * LOW HITPOINT WARNING * * *
The swamp worm bites you!
* * * LOW HITPOINT WARNING * * *
The slime creature hits you but does no damage.
The spiny frog barely misses you.
Jorgrun splashes around in the water.
The spriggan druid calls out to the beasts of the wild!
The large slime creature hits you!!
You die...

≈≈..≈
.≈≈≈.§≈♣♣♣♣
.≈≈≈≈.....♣♣
.....≈≈i≈≈.♣
.....≈≈≈≈≈≈
≈≈≈.≈≈≈≈.♣♣
≈...≈≈≈.<♣♣♣♣♣.
.♣♣)≈yJg.....≈.
♣♣.FDJF≈≈≈.≈♣
♣≈ywJ≈≈≈≈≈♣♣
♣.≈†...≈♣♣♣
♣...≈≈..♣
♣♣..≈≈≈≈≈♣
♣♣♣.≈≈....
!.♣♣♣.≈ ..♣ .≈
...


You could see Jorgrun, 2 large slime creatures, a slime creature, 2 hornets, a
spriggan druid, 2 spiny frogs and a swamp worm.

Vanquished Creatures
  Frances (D:14)
  The ghost of WhatIsLove the Brawler, an adept DrMo of Ru (Snake:1)
  Kirke (D:12)
  Louise (Swamp:2)
  An orc warlord (Orc:2)
  Aizul (Swamp:2)
  8 slime creatures
  The ghost of slayr the Spear-Bearer, a journeyman MfIE of Yredelemnul (D:11)
  A dire elephant (Lair:8)
  Snorg (Lair:3)
  An ogre mage (D:13)
  Fannar (D:10)
  6 hydras
  3 centaur warriors
  Erolcha (D:9)
  3 alligators (Swamp:2)
  3 catoblepae
  A satyr (shapeshifter) (D:13)
  An anaconda (Snake:1)
  10 death yaks
  A tengu warrior (D:14)
  A deep troll shaman (Lair:8)
  3 orc high priests (Orc:2)
  A deep elf knight (D:13)
  Nergalle (Lair:1)
  Urug (D:10)
  A fire crab (Lair:7)
  3 skeletal warriors (D:13)
  A spriggan druid (Swamp:3)
  4 unseen horrors
  A swamp dragon (Swamp:1)
  A shambling mangrove (Swamp:3)
  9 orc knights
  3 hill giants
  7 ugly things
  2 deep elf magi (D:13)
  5 orc sorcerers (Orc:2)
  2 cyclopes
  2 hornets
  A manticore (D:13)
  2 griffons
  40 elephants
  A salamander (Snake:1)
  Maurice (D:11)
  The ghost of chonchonts the Covert, a novice KoAs of Dithmenos (D:4)
  10 black mambas
  An ice statue (Lair:5)
  18 spiny frogs
  A torpor snail (Lair:3)
  A komodo dragon (shapeshifter) (D:14)
  10 komodo dragons
  4 yaktaurs (D:13)
  4 fire drakes
  A tengu conjurer (D:14)
  An ice devil (Lair:5)
  4 polar bears
  8 trolls
  4 giant leeches
  5 two-headed ogres
  Prince Ribbit (D:9)
  39 blink frogs
  2 bog bodies (Swamp:1)
  A vampire (D:13)
  73 yaks
  3 wraiths
  6 hogs (D:12)
  A wyvern (D:13)
  4 basilisks
  4 fire bats (Orc:2)
  7 vampire mosquitoes
  A hungry ghost (D:14)
  Grum (D:7)
  8 hippogriffs
  A mottled dragon (D:11)
  Menkaure (D:7)
  8 swamp worms
  17 wolves
  5 wargs
  3 nagas (Lair:4)
  A soldier ant (shapeshifter) (D:13)
  12 water moccasins
  11 ice beasts
  5 swamp drakes
  14 porcupines
  21 orc warriors
  3 sky beasts
  An eye of draining (D:11)
  A wasp (D:14)
  2 black bears
  3 phantoms
  9 ogres
  A boggart (D:13)
  12 crocodiles
  14 centaurs
  14 giant frogs
  5 big kobolds
  3 elf zombies (Ossuary)
  A water moccasin zombie (D:6)
  A wyvern skeleton (D:12)
  5 scorpions
  A water moccasin skeleton (D:9)
  25 killer bees
  3 wights (D:12)
  The ghost of Duffy the Sneak, a weakling NaWz (D:3)
  3 vampire bats (Orc:1)
  6 electric eels
  6 crimson imps
  15 centaur zombies
  A wasp zombie (D:8)
  4 giant frog zombies
  2 human zombies (Ossuary)
  3 jellies
  5 quasits
  4 centaur skeletons
  17 orc priests
  A giant frog skeleton (D:6)
  11 hounds
  21 orc wizards
  9 iguanas
  Ijyb (D:2)
  12 worker ants
  24 sheep
  2 hound zombies
  3 mummies (Ossuary)
  3 worker ant zombies
  14 adders
  12 gnolls
  56 river rats
  7 shadow imps
  2 white imps (Lair:5)
  3 oozes
  3 adder skeletons
  2 adder zombies
  3 worms
  11 giant geckos
  77 orcs
  9 bats
  5 giant cockroaches
  46 goblins
  31 hobgoblins
  9 jackals
  7 quokkas
  A giant gecko skeleton (D:4)
  A giant gecko zombie (D:5)
  5 giant newts
  A goblin zombie (D:7)
  15 kobolds
  2 quokka skeletons
  2 quokka zombies (D:5)
  12 rats
  A rat zombie (D:7)
  2 fungi (Orc:1)
  6 plants
1067 creatures vanquished.

Vanquished Creatures (collateral kills)
  Nessos (Lair:6)
  3 hydras
  A griffon (Lair:8)
  A cyclops (D:8)
  A black mamba (Lair:2)
  A komodo dragon (Lair:8)
  A blink frog (Lair:8)
  A yak (D:11)
  A hungry ghost (D:10)
  A basilisk (Lair:6)
  A sky beast (D:5)
  A black bear (D:7)
  An ogre (D:4)
  A crocodile (D:11)
  A killer bee (D:7)
  A wasp zombie (D:8)
  3 gnolls (D:5)
  2 worker ant zombies (D:5)
  2 adders (D:2)
  A giant cockroach (D:2)
  A jackal (D:9)
  A kobold (D:5)
28 creatures vanquished.

Vanquished Creatures (others)
  A cyclops (D:13)
  A centaur zombie (D:13)
  A centaur skeleton (D:13)
  A water moccasin (Lair:7)
  An orc warrior (Orc:2)
  2 river rats (Lair:6)
  A quokka (D:6)
  A bush (Lair:3)
  32 fungi
  22 plants
63 creatures vanquished.

Grand Total: 1158 creatures vanquished

Notes
Turn   | Place    | Note
--------------------------------------------------------------
     0 | D:1      | st0uf the Draconian Transmuter began the quest for the Orb.
     0 | D:1      | Reached XP level 1. HP: 16/16 MP: 3/3
   576 | D:1      | Reached XP level 2. HP: 23/23 MP: 3/5
   935 | D:1      | Reached XP level 3. HP: 15/28 MP: 4/6
  1089 | D:1      | Learned a level 2 spell: Sticks to Snakes
  1093 | D:1      | Learned a level 3 spell: Spider Form
  2048 | D:2      | Found a shattered altar of Ashenzari.
  2060 | D:2      | Found a burning altar of Makhleb.
  2063 | D:2      | Found a glowing golden altar of the Shining One.
  2064 | D:2      | Found an oddly glowing altar of Pakellas.
  2064 | D:2      | Found a deep blue altar of Sif Muna.
  2064 | D:2      | Found an ancient bone altar of Kikubaaqudgha.
  2064 | D:2      | Found an iron altar of Okawaru.
  2065 | D:2      | Found a basalt altar of Yredelemnul.
  2066 | D:2      | Found a shadowy altar of Dithmenos.
  2069 | D:2      | Found a snail-covered altar of Cheibriados.
  2070 | D:2      | Found a sacrificial altar of Ru.
  2074 | D:2      | Became a worshipper of Cheibriados the Contemplative
  2179 | D:2      | Noticed Ijyb
  2204 | D:2      | Killed Ijyb
  2204 | D:2      | Reached XP level 4. HP: 31/36 MP: 6/8
  2525 | D:3      | Noticed Duffy's ghost (weakling NaWz)
  3587 | D:3      | Reached * piety under Cheibriados
  3655 | D:3      | Reached XP level 5. HP: 30/41 MP: 9/9
  3722 | D:3      | Killed Duffy's ghost
  4077 | D:3      | Found a stormy altar of Qazlal.
  4193 | D:3      | Reached ** piety under Cheibriados
  4602 | D:4      | Reached skill level 4 in Unarmed Combat
  4621 | D:4      | Noticed chonchonts's ghost (novice KoAs)
  4866 | D:4      | Reached XP level 6. HP: 46/50 MP: 11/11
  5423 | D:4      | Killed chonchonts's ghost
  5423 | D:4      | Reached skill level 1 in Stealth
  5423 | D:4      | Reached XP level 7. HP: 40/57 MP: 7/12
  5423 | D:4      | Your scales start taking on an icy white colour.
  5423 | D:4      | Gained mutation: Your flesh is cold resistant. [White Draconian growth]
  5742 | D:5      | Entered Level 5 of the Dungeon
  5807 | D:5      | Reached *** piety under Cheibriados
  5907 | D:5      | Found a staircase to the Ecumenical Temple.
  5913 | Temple   | Entered the Ecumenical Temple
  6228 | D:5      | Reached **** piety under Cheibriados
  6318 | D:5      | Reached skill level 5 in Unarmed Combat
  6318 | D:5      | Reached XP level 8. HP: 43/66 MP: 14/14
  6633 | D:5      | Reached ***** piety under Cheibriados
  6682 | D:5      | Reached skill level 5 in Dodging
  6730 | D:5      | Reached skill level 1 in Shields
  7295 | D:6      | Found Kyvunext's Jewellery Emporium.
  7314 | D:6      | Reached XP level 9. HP: 66/73 MP: 16/16
  7320 | D:6      | Reached skill level 6 in Dodging
  7369 | D:6      | Reached ****** piety under Cheibriados
  7586 | D:6      | You fall through a shaft!
  7628 | D:7      | Reached skill level 5 in Fighting
  7724 | D:7      | Found a sand-covered staircase.
  7741 | Ossuary  | Entered an ossuary
  7990 | Ossuary  | Reached skill level 5 in Spellcasting
  8061 | D:7      | Noticed Menkaure
  8073 | D:7      | Killed Menkaure
  8682 | D:7      | Reached skill level 5 in Transmutations
  8791 | D:7      | Reached skill level 7 in Unarmed Combat
  9345 | D:8      | Noticed Grum
  9362 | D:7      | Killed Grum
  9548 | D:8      | Reached XP level 10. HP: 74/83 MP: 17/17
  9820 | D:8      | Noticed a cyclops
  9849 | D:8      | Killed a cyclops
  9952 | D:8      | You fall through a shaft for 3 floors!
 10135 | D:10     | Entered Level 10 of the Dungeon
 10135 | D:10     | Found a staircase to the Lair.
 10135 | D:10     | Noticed an elephant
 10139 | D:10     | Noticed Urug
 10140 | D:10     | Noticed Fannar
 10151 | D:11     | HP: 3/84 [crocodile (16)]
 10531 | D:11     | Reached skill level 8 in Dodging
 10548 | D:11     | Noticed slayr's ghost (journeyman MfIE)
 10611 | D:11     | Found a blossoming altar of Fedhas.
 11594 | D:9      | Noticed Erolcha
 11605 | D:9      | Learned a level 5 spell: Blade Hands
 11634 | D:9      | Killed Erolcha
 11634 | D:9      | Reached skill level 1 in Invocations
 11659 | D:9      | Found Kishruf's Book Emporium.
 11707 | D:9      | Noticed Prince Ribbit
 11804 | D:9      | Killed Prince Ribbit
 11913 | D:9      | Learned a level 2 spell: Stoneskin
 11935 | D:9      | Reached XP level 11. HP: 91/91 MP: 12/19
 12306 | D:10     | Killed Urug
 12306 | D:10     | Reached skill level 1 in Earth Magic
 12619 | D:10     | Killed Fannar
 12632 | Lair:1   | Entered Level 1 of the Lair of Beasts
 12649 | Lair:1   | Identified 3 scrolls of acquirement
 12658 | Lair:1   | Got a heavily runed iron ring
 12660 | Lair:1   | Identified the ring "Bodipn" {rC+ rN+ MP+9 Int+2} (You acquired it on level 1 of the Lair of Beasts)
 12731 | Lair:1   | Noticed Nergalle
 12765 | Lair:1   | Killed Nergalle
 12765 | Lair:1   | Reached skill level 9 in Dodging
 13722 | Lair:1   | Reached skill level 5 in Invocations
 14118 | Lair:2   | Reached XP level 12. HP: 89/100 MP: 22/22
 14371 | Lair:2   | Reached skill level 1 in Throwing
 14381 | Lair:2   | Reached skill level 5 in Stealth
 14658 | Lair:2   | Reached skill level 10 in Dodging
 14955 | Lair:2   | Noticed an eight-headed hydra
 14981 | Lair:2   | Killed an eight-headed hydra
 15537 | Lair:2   | Reached XP level 13. HP: 108/108 MP: 25/25
 15780 | Lair:3   | Found a snail-covered altar of Cheibriados.
 16015 | Lair:3   | Learned a level 3 spell: Mephitic Cloud
 16029 | Lair:3   | Noticed Snorg
 16037 | Lair:3   | Reached skill level 10 in Unarmed Combat
 16051 | Lair:3   | Killed Snorg
 16265 | Lair:3   | Learned a level 1 spell: Apportation
 16617 | Lair:3   | Learned a level 6 spell: Statue Form
 17171 | Lair:4   | Found a staircase to the Snake Pit.
 17917 | Lair:5   | Reached skill level 1 in Translocations
 18223 | Lair:5   | Learned a level 7 spell: Dragon Form
 18771 | Lair:6   | Noticed Nessos
 19042 | Lair:6   | Killed Nessos
 19417 | Lair:6   | Reached skill level 11 in Dodging
 19728 | Lair:6   | Reached XP level 14. HP: 103/118 MP: 27/27
 20467 | Lair:6   | Found a staircase to the Swamp.
 21974 | Lair:7   | Found a viscous altar of Jiyva.
 21975 | Lair:7   | Found a staircase to the Slime Pits.
 22108 | Lair:8   | Entered Level 8 of the Lair of Beasts
 22141 | Lair:8   | Reached skill level 10 in Spellcasting
 22169 | Lair:8   | HP: 1/118 [komodo dragon (30)]
 22177 | Lair:8   | Reached skill level 10 in Transmutations
 23631 | Lair:8   | Reached skill level 12 in Dodging
 23764 | Lair:8   | Reached skill level 10 in Fighting
 24027 | Lair:8   | Reached XP level 15. HP: 121/126 MP: 29/29
 25376 | D:11     | Killed slayr's ghost
 25483 | D:11     | Found a staircase to the Orcish Mines.
 25796 | D:11     | Noticed Maurice
 25801 | D:11     | Killed Maurice
 26056 | D:12     | Noticed Kirke
 26078 | D:12     | Killed Kirke
 26857 | D:13     | Found a gate to the Vaults.
 27472 | D:13     | Gained mutation: You have sharp toenails. [potion of beneficial mutation]
 28666 | D:6      | Bought an uncursed amulet of regeneration for 420 gold pieces
 28666 | D:6      | Bought a +4 ring of slaying for 1092 gold pieces
 29159 | D:14     | You fall through a shaft!
 29159 | D:15     | Entered Level 15 of the Dungeon
 29221 | D:14     | Found a shimmering altar of Xom.
 29234 | D:14     | Noticed Frances
 29701 | D:14     | Killed Frances
 29701 | D:14     | Reached XP level 16. HP: 73/136 MP: 31/31
 30228 | Orc:1    | Entered Level 1 of the Orcish Mines
 30430 | Orc:2    | Entered Level 2 of the Orcish Mines
 30524 | Orc:2    | Found a staircase to the Elven Halls.
 30582 | Orc:2    | Reached skill level 13 in Dodging
 30622 | Orc:2    | Found Gesseraq's Weapon Boutique.
 30622 | Orc:2    | Found Xeki's Armour Boutique.
 31053 | Orc:2    | Found Ygelieq's General Store.
 31066 | Orc:2    | Found Kual's Armour Shoppe.
 31071 | Orc:2    | Bought 4 poisoned needles for 22 gold pieces
 31071 | Orc:2    | Bought 14 poisoned needles for 78 gold pieces
 31141 | Orc:2    | Found a radiant altar of Vehumet.
 31699 | Orc:1    | Reached skill level 1 in Poison Magic
 31849 | Orc:1    | Found a roughly hewn altar of Beogh.
 32041 | D:11     | Upgraded the game from 0.18-a0-1180-g64ccc1e to 0.18-a0-1186-gd02dc51
 32229 | Snake:1  | Entered Level 1 of the Snake Pit
 32240 | Snake:1  | Noticed WhatIsLove's ghost (adept DrMo)
 32248 | Snake:1  | Killed WhatIsLove's ghost
 32360 | Swamp:1  | Entered Level 1 of the Swamp
 33103 | Swamp:2  | Noticed Louise
 33117 | Swamp:2  | Killed Louise
 33118 | Swamp:2  | Noticed Aizul
 33127 | Swamp:2  | Killed Aizul
 33472 | Swamp:2  | Learned a level 2 spell: Shroud of Golubria
 33476 | Swamp:2  | Learned a level 3 spell: Regeneration
 33479 | Swamp:2  | Learned a level 2 spell: Song of Slaying
 33483 | Swamp:2  | Learned a level 3 spell: Spectral Weapon
 33922 | Swamp:3  | Noticed Jorgrun
 33950 | Swamp:3  | HP: 7/205 [swamp worm[a spriggan druid] (5)]
 33950 | Swamp:3  | Slain by a large slime creature

Vault maps used:
D:1:      dpeg_arrival_morbid_curiosity
D:2:      kennysheep_the_goblin_king, minitemple, first_bread
D:3:      grunt_qazlal_sundering
D:5:      minmay_goblin_kobold_castle, minmay_temple_entry_hall, serial_undead,
          serial_undead_b, serial_undead_b, serial_undead_b, serial_undead_f
D:6:      serial_shops, nicolae_shop_window_shopping, elyvilon_altar_4
D:7:      enter_ossuary_4, uniq_menkaure
D:8:      sigmund_army, uniq_grum
D:9:      serial_shops, shop, uniq_prince_ribbit1, uniq_erolcha
D:10:     david_lair_generic, uniq_urug, uniq_fannar
D:11:     orc_0_dummy, hangedman_tree_tricks, uniq_maurice
D:12:     uniq_kirke
D:13:     hangedman_vaults_entry_quadrant_bands, lemuel_flamethrower_2
D:14:     basic_altar, uniq_frances
D:15:     grunt_enter_depths_giant_problem, serial_park_paths, basic_altar,
          st_stairs_8, minmay_misc_feat_secret_circle,
          lemuel_mausoleum_altar_kikubaaqudgha
Temple:   minmay_temple_bridge_a_8
Lair:1:   uniq_nergalle
Lair:2:   mu_elephants_graveyard, serial_bayou_shore_a
Lair:3:   kennysheep_snail_temple, uniq_snorg
Lair:4:   minmay_snake_entry_guardpost_small, wad_woods_04
Lair:5:   wad_woods_road_06, ice2_lemuel
Lair:6:   minmay_swamp_entry_eels, bh_autumn_forest_stairs, lemuel_fruit_tree,
          serial_bayou_shore_b, uniq_nessos
Lair:7:   dpeg_slime_entry_enclosed_altar
Lair:8:   grunt_lair_end_beastmaster
Swamp:1:  evilmike_swamp_ruin_house_1
Swamp:2:  evilmike_swamp_ruin_rubble_1, swamp_pool1, uniq_louise, uniq_aizul
Swamp:3:  evilmike_swamp_ruin_house_3, swamp_pool2, uniq_jorgrun
Snake:1:  serial_bayou_shore_b
Orc:1:    basic_altar, nicolae_orc_damp_corner, roderic_batcave,
          nicolae_orc_flooded_monolith
Orc:2:    st_orc_elflike, basic_altar, nicolae_orc_lava_tube
Ossuary:  ossuary_minmay_four_chambers

Action                   |  1- 3 |  4- 6 |  7- 9 | 10-12 | 13-15 | 16-18 || total
-------------------------+-------+-------+-------+-------+-------+-------++-------
Melee: Unarmed           |   184 |   241 |   554 |   567 |  1200 |   322 ||  3068
 Fire: Blowgun           |       |       |     3 |    36 |    39 |       ||    78
Throw: Throwing net      |       |       |       |     1 |       |       ||     1
 Cast: Beastly Appendage |    23 |    29 |    30 |    12 |    36 |     2 ||   132
       Sticks to Snakes  |       |    16 |    13 |    40 |    20 |       ||    89
       Spider Form       |       |     2 |       |       |       |       ||     2
       Blade Hands       |       |       |       |    40 |    70 |    15 ||   125
       Stoneskin         |       |       |       |    27 |    94 |    19 ||   140
       Apportation       |       |       |       |       |    99 |    39 ||   138
       Mephitic Cloud    |       |       |       |       |     2 |     8 ||    10
       Dragon Form       |       |       |       |       |    10 |    17 ||    27
Invok: Temporal Distorti |       |       |       |       |     3 |       ||     3
       Bend Time         |       |       |       |       |     2 |       ||     2
       Slouch            |       |       |       |       |       |     1 ||     1
 Abil: Breathe Frost     |       |       |    12 |     9 |    10 |    12 ||    43
       End Transformatio |       |       |       |       |     2 |     1 ||     3
  Use: Scroll            |       |       |    11 |    12 |    15 |     3 ||    41
       Potion            |       |       |       |       |     2 |     3 ||     5
 Stab: Sleeping          |       |     2 |    11 |    13 |    23 |     1 ||    50
       Distracted        |       |     2 |     2 |     5 |     9 |     1 ||    19
       Held in net/web   |       |       |       |     1 |       |       ||     1
       Petrified         |       |       |       |       |     1 |       ||     1
       Confused          |       |       |       |       |     2 |     4 ||     6
  Eat: Chunk             |     4 |     9 |    10 |    19 |    36 |    16 ||    94
